 Dungeon Crawl Stone Soup version 0.29-a0-330-g52719c12eb (webtiles) character file.

Game seed: 6330940093097524102

101 Ajdolov the Grave Robber (level 4, 0/33 HPs)
             Began as a Mummy Necromancer on May 5, 2022.
             Slain by a black bear (5 damage)
             ... on level 3 of the Dungeon.
             The game lasted 00:04:53 (3311 turns).

Ajdolov the Grave Robber (Mummy Necromancer)        Turns: 3311, Time: 00:04:53

Health: 0/33       AC:  2    Str: 11    XL:     4   Next: 48%
Magic:  0/8        EV: 12    Int: 16    God:
Gold:   160        SH:  5    Dex: 12    Spells: 4/8 levels left

rFire   x . .      SeeInvis .   d - +0 dagger
rCold   + . .      Faith    .   (no shield)
rNeg    + + +      Spirit   .   a - +0 robe
rPois   ∞          Reflect  +   (no helmet)
rElec   .          Harm     .   c - scarf {+Inv}
rCorr   .          Rampage  .   (no gloves)
Will    .....                   (no boots)
Stlth   ++........              b - amulet of reflection
HPRegen 0.11/turn               k - ring of wizardry
MPRegen 0.11/turn               (no ring)

@: no status effects
A: cold resistance 1, negative energy resistance 3, torment resistance 2, heat
vulnerability 1, in touch with death 1, no potions
a: Evoke Invisibility


You were on level 3 of the Dungeon.
You visited 1 branch of the dungeon, and saw 3 of its levels.

You collected 160 gold pieces.

Inventory:

Hand Weapons
 d - a +0 dagger (weapon)
Armour
 a - a +0 robe (worn)
 c - a scarf of invisibility (worn)
Jewellery
 b - an amulet of reflection (around neck)
 e - a +6 ring of dexterity
 k - a ring of wizardry (left hand)
Scrolls
 f - a scroll of blinking {unknown}
 g - 3 scrolls of identify
 i - a scroll of enchant weapon {unknown}
 j - a scroll of fog


   Skills:
 + Level 2.1 Fighting
 - Level 1.5 Dodging
 - Level 1.5 Stealth
 - Level 2.6 Spellcasting
 * Level 5.4 Necromancy


You had 4 spell levels left.
You knew the following spells:

 Your Spells              Type           Power      Damage    Failure   Level
a - Pain                  Necr           100%       1d9       1%          1
b - Vampiric Draining     Necr           29%        2d8       2%          3

Your spell library contained the following spells:

 Spells                   Type           Power      Damage    Failure   Level
 Animate Skeleton         Necr           58%        N/A       1%          1
 Shock                    Conj/Air       8%         1d3       8%          1
 Animate Dead             Necr           14%        N/A       9%          4
 Blink                    Tloc           4%         N/A       12%         2
 Lesser Beckoning         Tloc           2%         N/A       22%         3
 Swiftness                Air            2%         N/A       22%         3
 Airstrike                Air            1%         N/A       56%         4
 Agony                    Necr           29%        N/A       22%         5
 Manifold Assault         Tloc           2%         N/A       88%         5


Dungeon Overview and Level Annotations

Branches:
Dungeon (3/15)

Altars:
Ru

Annotations:
D:3 1 runed translucent door, Crazy Yiuf


Innate Abilities, Weirdness & Mutations

You are immune to poison.
Your flesh is cold resistant. (rC+)
You are immune to negative energy. (rN+++)
You are immune to unholy pain and torment.
You are vulnerable to heat. (rF-)
You are in touch with the powers of death.
You do not drink.


Message History

You draw life force from the black bear!
You feel life coursing into your body. The black bear barely misses you.
The black bear claws you but does no damage.
The black bear claws you.
Casting: Vampiric Draining (dangerous; 2% risk of failure)
Confirm with . or Enter, or press ? or * to list all spells.
You don't have enough magic to cast this spell.
Unknown command.
Unknown command.
You feel a surge of power!
The black bear writhes in agony.
The black bear bites you. The black bear claws you.
The black bear claws you but does no damage.
Unknown command.
You are too injured to fight recklessly!
Unknown command.
You aren't carrying any items that you can evoke.
Unknown command.
As you read the scroll labelled UNTATEFUYT, it crumbles to dust.
It is a scroll of identify.
j - a scroll of fog The black bear bites you but does no damage.
You block the black bear's attack. The black bear claws you.
* * * LOW HITPOINT WARNING * * *
You are too injured to fight recklessly!
Aiming: Pain (safe; 1% risk of failure)
Press: ? - help, Q - select action, (/) - cycle Shift-Dir - straight line, f/p - black bear
Aim: a black bear (severely wounded, chance to affect: 83%)
You feel a surge of power!
The black bear barely resists.
The black bear bites you.
* * * LOW HITPOINT WARNING * * *
The black bear claws you but does no damage.
You block the black bear's attack.
The black bear attacks as you move away!
You block the black bear's attack. The black bear closely misses you.
The black bear claws you.
* * * LOW HITPOINT WARNING * * *
As you read the scroll labelled MAQONYUJAM, it crumbles to dust.
You feel aware of your surroundings.
It was a scroll of magic mapping.
The black bear bites you.
You die...

#.# #.#.##. #.# #.#.##.
#.###.#.##. #######.#...#.##.
********#########!..........#.##.
,,,,,,,,........#.###...#...#.##.
**************#.#.# #..(#####.##.
,,,,,*,,,,,####h#.###.........##.
...,,+,,,,,+....@................
...,,*,,,,,####.#.###............
....,*,,,,,####.#..........#...##
....,*,,,,,#....#.......###....#
.....*,,,,,#....#.......# #....#
.....#######....#.......# #.#..#
...........'......###...# #...##
.....#.#####...##.###...# ##.##
...,,#.# ######..##.### #.##


You could see a black bear.

Vanquished Creatures
  2 adders
  A worm (D:3)
  5 dart slugs
  6 bats
  7 endoplasms
  4 giant cockroaches
  5 goblins
  13 hobgoblins
  3 quokkas (D:1)
  3 ball pythons (D:1)
  4 frilled lizards
  6 kobolds
  4 rats
63 creatures vanquished.

Notes
Turn   | Place    | Note
-------+----------+-------------------------------------------
     0 | D:1      | Ajdolov the Mummy Necromancer began the quest for the Orb.
     0 | D:1      | Reached XP level 1. HP: 13/13 MP: 4/4
   342 | D:1      | Reached XP level 2. HP: 20/20 MP: 1/5
   660 | D:1      | Reached skill level 1 in Fighting
  1181 | D:1      | Gained mutation: You are in touch with the powers of death.
                  | [Mummy growth]
  1181 | D:1      | Reached XP level 3. HP: 26/26 MP: 5/7
  1185 | D:1      | Learned a level 3 spell: Vampiric Draining
  1772 | D:2      | Reached skill level 5 in Necromancy
  1953 | D:2      | Found a faded altar of an unknown god.
  2336 | D:2      | Reached XP level 4. HP: 30/33 MP: 5/8
  3116 | D:3      | Found a sacrificial altar of Ru.
  3278 | D:3      | Found a runed translucent door.
  3279 | D:3      | Noticed Crazy Yiuf
  3302 | D:3      | Noticed a black bear
  3311 | D:3      | Slain by a black bear

Illustrated notes

Levels and vault maps discovered:
D:1:      dpeg_arrival_windows_large_door, layout_basic,
          chequers_serial_rivers_small_a
D:2:      layout_basic, ebering_ecumenical_altar_box, kennysheep_generic_room_15
D:3:      layout_basic, nicolae_ru_awakened_eye, uniq_crazy_yiuf_cottage

Skill      XL: |  1  2  3  4 |
---------------+-------------+-----
Fighting       | 1 2 |  2.1
Necromancy     | 5 |  5.4
Dodging        | |  1.5
Stealth        | |  1.5
Spellcasting   | |  2.6

Action                   |  1- 3 |  4- 6 || total
-------------------------+-------+-------++-------
Melee: Dagger            |     4 |       ||     4
       Short sword       |     4 |       ||     4
 Cast: Pain              |    88 |    31 ||   119
       Vampiric Draining |       |     2 ||     2
  Use: Scroll            |       |     2 ||     2
 Stab: Sleeping          |     2 |       ||     2
Armor: Robe              |     3 |     5 ||     8
Dodge: Dodged            |    24 |     5 ||    29
Block: Other             |     6 |     5 ||    11

Table legend: (Time is in decaauts)
 A = Elapsed time spent in this place.
 B = Non-inter-level travel time spent in this place.
 C = Inter-level travel time spent in this place.
 D = Time resting spent in this place.
 E = Time spent auto-exploring this place.
 F = Levels seen in this place.
 G = Mean time per level.
                   A        B        C        D        E       F      G
               +--------+--------+--------+--------+--------+-----+--------+
         Total |   3316 |   3271 |     45 |    321 |   2456 |   3 | 1105.3 |
       Dungeon |   3316 |   3271 |     45 |    321 |   2456 |   3 | 1105.3 |
               +--------+--------+--------+--------+--------+-----+--------+

Top non-repeatable levels by time:
     D:1: 1552 daAuts
     D:2: 1097 daAuts
     D:3: 666 daAuts
